 Dungeon Crawl Stone Soup version 0.23-a0-767-gdc19b93d68 (webtiles) character file.

55 LLavrengius the Stinger (level 3, 0/21 HPs)
             Began as an Octopode Venom Mage on Jan 26, 2019.
             Slain by an ogre
             ... wielding a +0 giant club
              (20 damage)
             ... on level 3 of the Dungeon.
             The game lasted 00:04:31 (1624 turns).

LLavrengius the Stinger (Octopode Venom Mage)       Turns: 1624, Time: 00:04:32

Health: 0/21       AC:  1    Str:  7    XL:     3   Next: 93%
Magic:  6/6        EV: 13    Int: 18    God:
Gold:   47         SH:  0    Dex: 12    Spells: 3/6 levels left

rFire    . . .     SeeInvis .   o - +0 quarterstaff
rCold    . . .     Gourm    .   (shield currently unavailable)
rNeg     . . .     Faith    .   (helmet restricted)
rPois    .         Spirit   .   (no amulet)
rElec    .         Reflect  .   (no ring)
rCorr    .         Harm     .   (no ring)
MR       .....                  (no ring)
Stlth    +++.......             (no ring)
HPRegen  0.07/turn              (no ring)
MPRegen  0.10/turn              (no ring)
                                (no ring)
                                (no ring)

@: no status effects
A: almost no armour, stealthy swim, amphibious, 8 rings, constrict 8, camouflage
1, gelatinous body 1
a: no special abilities


You were on level 3 of the Dungeon.
You were hungry.

You visited 1 branch of the dungeon, and saw 4 of its levels.

You collected 47 gold pieces.

Inventory:

Hand Weapons
 c - a +0 dagger
 i - a +0 spear
 k - a +0 hunting sling
 o - a +0 quarterstaff (weapon)
Missiles
 l - 61 stones (quivered)
 n - 2 javelins
 r - 15 sling bullets
Wands
 m - a wand of clouds (5)
Scrolls
 a - 2 scrolls of remove curse {unknown}
 f - a scroll of magic mapping {unknown}
 g - 5 scrolls of identify {unknown}
 h - a scroll of enchant armour {unknown}
 j - a scroll of immolation {unknown}
Potions
 d - 2 potions of heal wounds {unknown}
 e - a potion of curing {unknown}
 p - a potion of cancellation {unknown}
 q - a potion of mutation {unknown}
Comestibles
 b - 4 rations


   Skills:
 - Level 2.0 Dodging
 - Level 2.6 Stealth
 - Level 2.0 Spellcasting
 - Level 1.0 Conjurations
 + Level 5.7 Poison Magic


You had 3 spell levels left.
You knew the following spells:

 Your Spells              Type           Power        Failure   Level  Hunger
a - Sting                 Conj/Pois      ##..         4%          1    #......
b - Poisonous Vapours     Pois/Air       ##....       9%          2    ###....

Your spell library contained the following spells:

 Spells                   Type           Power        Failure   Level  Hunger
 Mephitic Cloud           Conj/Pois/Air  #.......     22%         3    ###....
 Olgreb's Toxic Radiance  Pois           ###.....     17%         4    #####..
 Venom Bolt               Conj/Pois      ##........   77%         5    ######.


Dungeon Overview and Level Annotations

Branches:
Dungeon (4/15)
 Temple: D:4-7

Altars:
Ashenzari
Qazlal


Innate Abilities, Weirdness & Mutations

You cannot wear most types of armour.
You are very stealthy in the water. (Stealth+)
You are amphibious.
You can wear up to eight rings at the same time.
You can use your tentacles to constrict eight enemies at once.
Your skin changes colour to match your surroundings (Stealth+).
Your rubbery body absorbs attacks. (AC +1, EV +1)


Message History

Found an escape hatch in the ceiling.
You see here 15 sling bullets.
r - 15 sling bullets
There is an escape hatch in the ceiling here.
A mysterious force pulls you upwards. The hatch slams shut behind you.
The goblin shouts! x2 5 goblins and an ogre come into view.
The goblin shouts!
The ogre shouts!
The goblin shouts!
Found 2 rations.
Unknown command.
You sock the ogre!
The ogre is moderately wounded.
The goblin hits you. The goblin hits you but does no damage.
The ogre completely misses you.
You hit the ogre.
The ogre is heavily wounded.
The goblin hits you but does no damage. x2
The ogre hits you with a +0 giant club!!
Ouch! That really hurt!
You die... ##### #gO@# #ggg# #ggg# ##+##

You could see an ogre and 7 goblins.

Vanquished Creatures
  A worker ant (D:4)
  A leopard gecko (D:2)
  A giant cockroach (D:2)
  3 goblins
  7 hobgoblins
  4 jackals (D:2)
  A quokka (D:2)
  4 bats
  A frilled lizard (D:2)
  2 kobolds
  A quokka skeleton (D:4)
26 creatures vanquished.

Vanquished Creatures (others)
  2 fungi (D:2)
2 creatures vanquished.

Grand Total: 28 creatures vanquished

Notes
Turn   | Place    | Note
-------+----------+-------------------------------------------
     0 | D:1      | LLavrengius the Octopode Venom Mage began the quest for the
                  | Orb.
     0 | D:1      | Reached XP level 1. HP: 11/11 MP: 3/3
    94 | D:1      | Reached skill level 4 in Poison Magic
   363 | D:1      | Reached XP level 2. HP: 15/17 MP: 3/5
   371 | D:1      | Learned a level 2 spell: Poisonous Vapours
   891 | D:2      | Found a stormy altar of Qazlal.
  1078 | D:2      | Reached XP level 3. HP: 6/21 MP: 0/6
  1078 | D:2      | Reached skill level 5 in Poison Magic
  1303 | D:2      | Found a shattered altar of Ashenzari.
  1307 | D:2      | Saw a vision of the Swamp and the Spider Nest.
  1307 | D:2      | Noticed a scorpion
  1307 | D:2      | Noticed a wolf spider
  1307 | D:2      | Noticed a redback
  1307 | D:2      | Noticed a wolf spider
  1307 | D:2      | Noticed a redback
  1307 | D:2      | Noticed a water moccasin
  1307 | D:2      | Noticed a redback
  1307 | D:2      | Noticed a redback
  1307 | D:2      | Noticed a redback
  1308 | D:2      | Noticed a wolf spider
  1308 | D:2      | Noticed a redback
  1308 | D:2      | Noticed a wolf spider
  1309 | D:2      | Noticed a redback
  1362 | D:2      | You fall through a shaft for 2 floors!
  1622 | D:3      | Noticed an ogre
  1624 | D:3      | Slain by an ogre

Vault maps used:
D:1:      dpeg_arrival_erosion, minmay_parallelograms, minmay_misc_feat_x,
          roderic_serpentine_path, amethyst_killhole
D:2:      marbit_many_paths, chequers_ecumenical_altar_twisty, first_ration,
          grunt_ashenzari_visionary
D:3:      nicolae_tso_carved_into_rock, minmay_ogre_servants, uniq_natasha
D:4:      lemuel_coloured_pillars_altar, kennysheep_mini

Skill      XL: |  1  2  3 |
---------------+----------+-----
Poison Magic   | 4 5 |  5.7
Dodging        | |  2.0
Stealth        | |  2.6
Spellcasting   | |  2.0
Conjurations   | |  1.0

Action                   || total
-------------------------++-------
Melee: Dagger            ||    63
       Constrict         ||    21
       Unarmed           ||     8
       Tentacles         ||     8
       Quarterstaff      ||     4
 Cast: Sting             ||     4
       Poisonous Vapours ||     5
 Stab: Sleeping          ||     5
  Eat: Chunk             ||     2
Armor: Skin              ||    14
Dodge: Dodged            ||    55

Table legend:
 A = Non-vault XP
 B = Vault XP
 C = Vault XP percentage of total XP
 D = Non-vault monster count
 E = Vault monster count
 F = Vault count percentage of total count
                 A         B        C        D         E       F
            +---------+---------+-------+---------+---------+-------
      Total |      77 |       2 |   2.5 |      25 |       1 |   3.8
            +---------+---------+-------+---------+---------+-------
        D:1 |      12 |       0 |   0.0 |       7 |       0 |   0.0
        D:2 |      31 |       2 |   6.1 |      16 |       1 |   5.9
        D:4 |      34 |       0 |   0.0 |       2 |       0 |   0.0
            +---------+---------+-------+---------+---------+-------
